 Dungeon Sprint DCSS version 0.20-a0-1122-gb7cbeb9 (webtiles) character file.

133 Kidiri the Magician (level 4, -9/27 HPs)
             Began as a Deep Elf Fire Elementalist on May 12, 2017.
             Mangled by a sun demon (18 damage)
             ... summoned by a kobold demonologist
             ... while paralysed by a wizard
             ... in the Dungeon (Sprint III: "The Ten Rune Challenge").
             The game lasted 00:02:44 (528 turns).

Kidiri the Magician (Deep Elf Fire Elementalist)     Turns: 528, Time: 00:02:45

Health: -9/27      AC:  3    Str:  5    XL:     4   Next: 94%
Magic:  12/16      EV:  2    Int: 21    God:
Gold:   23         SH:  0    Dex: 17    Spells: 4/17 levels left

rFire    . . .     SeeInvis .   k - +0 dagger
rCold    . . .     Gourm    .   (no shield)
rNeg     . . .     Faith    .   a - +0 robe
rPois    .         Spirit   .   (no helmet)
rElec    .         Reflect  .   l - +0 cloak
rCorr    .         Harm     .   (no gloves)
MR       .....     NoTele   +   (no boots)
Stlth    ++........             (no amulet)
Regen    0.1/turn               (no ring)
MPRegen  0.2/turn               (no ring)

@: paralysed
A: agile 1, high mp 1
a: no special abilities


You were in the Dungeon.
You were not hungry.

You visited 1 branch You collected 23 gold pieces.

Inventory:

Hand Weapons
 k - a +0 dagger (weapon)
Armour
 a - a +0 robe (worn)
 l - a +0 cloak (worn)
Scrolls
 i - a scroll of blinking
 j - a scroll of identify {unknown}
 n - a scroll of holy word {unknown}
 o - 2 scrolls of remove curse
 r - a scroll of torment {unknown}
 s - a scroll of recharging {unknown}
Potions
 e - a potion of heal wounds
 f - a potion of haste
 g - 2 potions of magic
 h - a potion of berserk rage
 q - a potion of might {unknown}
 u - 2 potions of flight
Books
 b - a book of Flames

   Spells                             Type                      Level
   a - Flame Tongue                   Conjuration/Fire             1
   b - Throw Flame                    Conjuration/Fire             2
   c - Conjure Flame                  Conjuration/Fire             3
   d - Inner Flame                    Hexes/Fire                   3
   e - Sticky Flame                   Conjuration/Fire             4
   f - Fireball                       Conjuration/Fire             5
Comestibles
 c - a bread ration
 d - a chunk of flesh
 p - a meat ration
 t - 4 fruits


   Skills:
 + Level 2.6 Fighting
 + Level 2.3 Short Blades
 + Level 2.5 Armour
 + Level 4.7 Dodging
 - Level 2.4 Stealth
 * Level 7.4 Spellcasting
 + Level 3.9 Conjurations
 + Level 5.0 Fire Magic


You had 4 spell levels left.
You knew the following spells:

 Your Spells              Type           Power        Failure   Level  Hunger
a - Flame Tongue          Conj/Fire      ####.        1%          1    None
b - Throw Flame           Conj/Fire      ####..       1%          2    None
c - Conjure Flame         Conj/Fire      ####....     4%          3    None
d - Inner Flame           Hex/Fire       ###.....     9%          3    None
e - Sticky Flame          Conj/Fire      ####....     13%         4    ###....


Dungeon Overview and Level Annotations

Branches:
Dungeon (1/1)

Altars:
Kikubaaqudgha
Sif Muna
Vehumet


Innate Abilities, Weirdness & Mutations

You are agile. (Dex +2)
You have an increased reservoir of magic. (+10% MP)


Message History

There is an open door here.
Casting: Flame Tongue
Confirm with . or Enter, or press ? or * to list all spells.
You don't know that spell.
Unknown command.
Casting: Flame Tongue
Confirm with . or Enter, or press ? or * to list all spells.
Aiming: Sticky Flame
Press: ? - help, Shift-Dir - straight line, f - wizard
Aim: a wizard, wielding a dagger and wearing a robe The sticky flame hits the wizard.
The wizard is moderately wounded.
The wizard is covered in liquid flames!
The wizard burns!
The wizard points at you and mumbles some strange words.
You suddenly lose the ability to move!
The wizard burns!
The sun demon hits you!!
Ouch! That really hurt!
You are engulfed in flames!!
Ouch! That really hurt!
You die...

.#......#####..#
##....[..#..#..#
.##.##...#..#..###+#+###+
.##.###..##+#..#.........
####.##..###...'.⌠.......
##..##..####...#...######
....##..###....#.⌠.#
#..##...##.....#...#
..##....#......#@###
.###..##)#.....#3p:# .#
#..#####....#_K_# ▓▓ ▓▓▓▓
▓▓▓▓▓▓▓▓▓▓


You could see a sun demon, a wizard (burning) and a kobold demonologist.

Vanquished Creatures
  A water elemental (D)
  Crazy Yiuf (D)
  Jessica (D)
  A human (D)
  An ooze (D)
  2 rats (D)
7 creatures vanquished.

Vanquished Creatures (others)
  2 draconian scorchers (D)
  6 hellions (D)
  A yaktaur (D)
  5 plants (D)
14 creatures vanquished.

Grand Total: 21 creatures vanquished

Notes
Turn   | Place    | Note
-------+----------+-------------------------------------------
     0 | D        | Kidiri the Deep Elf Fire Elementalist began the quest for the Orb.
     0 | D        | Reached XP level 1. HP: 10/10 MP: 6/6
     8 | D        | Reached skill level 4 in Spellcasting
    55 | D        | Noticed Jessica
    60 | D        | Killed Jessica
    60 | D        | Reached skill level 1 in Fighting
    60 | D        | Reached skill level 1 in Armour
    60 | D        | Reached skill level 5 in Spellcasting
    60 | D        | Reached XP level 2. HP: 16/16 MP: 3/10
    60 | D        | Reached XP level 3. HP: 20/20 MP: 3/11
    64 | D        | Learned a level 2 spell: Throw Flame
    68 | D        | Learned a level 3 spell: Conjure Flame
    72 | D        | Learned a level 3 spell: Inner Flame
   110 | D        | Killed a hellion
   111 | D        | Killed a hellion
   112 | D        | Killed a hellion
   113 | D        | Killed a hellion
   132 | D        | Killed a hellion
   134 | D        | Killed a hellion
   141 | D        | Killed a yaktaur
   176 | D        | Killed a white draconian scorcher
   214 | D        | Killed a white draconian scorcher
   351 | D        | Noticed Crazy Yiuf
   362 | D        | Killed Crazy Yiuf
   362 | D        | Reached skill level 1 in Short Blades
   362 | D        | Reached skill level 6 in Spellcasting
   362 | D        | Reached XP level 4. HP: 26/26 MP: 3/14
   460 | D        | Gained mutation: Your body sometimes deteriorates upon taking damage. [potion of mutation]
   460 | D        | Gained mutation: You are partially covered in slimy green scales. (AC +2) [potion of mutation]
   460 | D        | Gained mutation: You are resistant to hostile enchantments. (MR+) [potion of mutation]
   461 | D        | Lost mutation: Your body sometimes deteriorates upon taking damage. [potion of mutation]
   461 | D        | Gained mutation: You can translocate small distances at will. [potion of mutation]
   461 | D        | Gained mutation: You have supernaturally acute eyesight. (SInv) [potion of mutation]
   462 | D        | Lost mutation: You are resistant to hostile enchantments. (MR+) [potion of mutation]
   462 | D        | Lost mutation: You are partially covered in slimy green scales. (AC +2) [potion of mutation]
   462 | D        | Lost mutation: You can translocate small distances at will. [potion of mutation]
   462 | D        | Lost mutation: You have supernaturally acute eyesight. (SInv) [potion of mutation]
   462 | D        | Gained mutation: Your system is resistant to poisons. (rPois) [potion of mutation]
   462 | D        | Gained mutation: Your spells are a little easier to cast, but a little less powerful. [potion of mutation]
   462 | D        | Gained mutation: Your flesh is cold resistant. (rC+) [potion of mutation]
   463 | D        | Lost mutation: Your flesh is cold resistant. (rC+) [potion of mutation]
   463 | D        | Lost mutation: Your system is resistant to poisons. (rPois) [potion of mutation]
   463 | D        | Gained mutation: You are dopey. (Int -2) [potion of mutation]
   463 | D        | Gained mutation: You have large cloven feet. [potion of mutation]
   464 | D        | Lost mutation: Your spells are a little easier to cast, but a little less powerful. [potion of mutation]
   464 | D        | Lost mutation: You have large cloven feet. [potion of mutation]
   464 | D        | Lost mutation: You are dopey. (Int -2) [potion of mutation]
   464 | D        | Gained mutation: You expend magic power (3 MP) to strengthen your wands. [potion of mutation]
   464 | D        | Gained mutation: You possess an exceptional clarity of mind. [potion of mutation]
   465 | D        | Lost mutation: You expend magic power (3 MP) to strengthen your wands. [potion of mutation]
   465 | D        | Gained mutation: You are agile. (Dex +2) [potion of mutation]
   465 | D        | Lost mutation: You possess an exceptional clarity of mind. [potion of mutation]
   465 | D        | Gained mutation: You have an increased reservoir of magic. (+10% MP) [potion of mutation]
   477 | D        | Learned a level 4 spell: Sticky Flame
   483 | D        | Noticed a water elemental
   487 | D        | Killed a water elemental
   487 | D        | Reached skill level 7 in Spellcasting
   487 | D        | Reached skill level 5 in Fire Magic
   525 | D        | Found a radiant altar of Vehumet.
   526 | D        | Found a deep blue altar of Sif Muna.
   526 | D        | Found an ancient bone altar of Kikubaaqudgha.
   526 | D        | Noticed a wizard
   527 | D        | Noticed a sun demon
   527 | D        | Paralysed by a wizard for 3 turns
   528 | D        | Mangled by a sun demon

Vault maps used:
D:        dungeon_sprint_mu

Skill      XL: |  1  2  3  4 |
---------------+-------------+-----
Spellcasting   | 5 6 7 |  7.4
Fighting       | 1 2 |  2.6
Armour         | 1 2 |  2.5
Dodging        | 3 4 |  4.7
Conjurations   | 2 3 |  3.9
Fire Magic     | 4 5 |  5.0
Short Blades   | 1 2 |  2.3
Stealth        | |  2.4

Action                   |  1- 3 |  4- 6 || total
-------------------------+-------+-------++-------
Melee: Dagger            |     1 |       ||     1
 Cast: Flame Tongue      |    21 |     3 ||    24
       Throw Flame       |     3 |       ||     3
       Conjure Flame     |     1 |     1 ||     2
       Sticky Flame      |       |     1 ||     1
  Use: Potion            |     1 |     6 ||     7
       Scroll            |       |     1 ||     1
Armor: Robe              |     1 |       ||     1
Dodge: Dodged            |     4 |     1 ||     5
